Frizzbo, neutral female sylph Wizard - -----.- ---.|....| ---- ---- --.......- |..-- ------ |..| --.......- --...| |....-- |..-- |)......-| |....|--.....| --..| --<--....-- |...-|......------.| ---|.....| ---...-|.............| |.....| |.[....|.--..------..| ---....- --....[...||..--- ---- |......-----........--|....-- --------.-................-- --....| |..)%*..........-------....| --...-- |....------......| |....---....| ---- ------%..|----......| --.........----..| .....I...|.........-- |.......--- |...| ---------|.......^.--- |......------...| |...........| --.--..---.|...-- |.......|...| ------.....|.-- --.---.---.-- --.|.---- --- --- --- ----- Frizzbo the Thaumaturge Experience level: 8 Strength: 13 Dexterity: 11 Constitution: 16 Intelligence: 16 Wisdom: 16 Charisma: 9 Health: 0(51) Energy: 111(121) Def: 1 Gold: 198 Moves: 5137 Dungeon seed: 3PnhsWQO__AFVtLG Game ID: Frizzbo_1467215103 Your Inventory: Coins $ - 198 gold pieces Weapons a - a blessed +1 quarterstaff (weapon in hands) G - a blessed +1 spear Armor e - an uncursed +0 cloak of magic resistance (being worn) D - an uncursed +0 pair of gauntlets of dexterity N - an uncursed +0 mummy wrapping Comestibles t - an uncursed egg C - an uncursed tripe ration I - an uncursed lichen corpse M - 3 uncursed food rations Scrolls h - a blessed scroll of punishment i - 2 uncursed scrolls of identify j - an uncursed scroll of light k - 2 blessed scrolls of enchant armor J - an uncursed scroll of teleportation Spellbooks T - an uncursed spellbook of create familiar Potions v - an uncursed potion of sleeping H - an uncursed potion of speed O - an uncursed potion of confusion V - an uncursed potion of sickness Rings p - an uncursed ring of sustain ability P - an uncursed ring of protection from shape changers Wands b - an uncursed wand of magic missile (0:6) o - an uncursed wand of enlightenment (0:10) B - an uncursed wand of magic missile (0:3) Tools f - an uncursed lock pick l - an uncursed magic lamp (lit) s - an uncursed +0 pick-axe (alternate weapon; not wielded) w - an uncursed tin whistle F - an uncursed towel Gems d - 3 uncursed worthless pieces of white glass n - 6 uncursed worthless pieces of blue glass q - 2 uncursed agate stones r - an uncursed worthless piece of violet glass y - 3 uncursed worthless pieces of yellow glass z - an uncursed touchstone A - 2 uncursed fluorite stones E - an uncursed worthless piece of green glass K - an uncursed worthless piece of orange glass L - an uncursed worthless piece of red glass Y - 3 uncursed worthless pieces of black glass Spells and supernatural/magical abilities: Name Level Category Fail Memory a - force bolt 1 attack 0% 75% e - charm monster 3 enchantment 0% 89% l - light 1 divination 0% 75% m - magic missile 2 attack 0% 83% B - cure blindness 2 healing 57% 89% O - create monster 2 clerical 57% 89% W - pray for help -- divine ? -- Your skills at the end: Miscellaneous Skills wands [Basic] Weapon Skills quarterstaff [Basic] Spellcasting Skills attack spells [Expert] divination spells [Basic] enchantment spells [Basic] Final Attributes: You were devoutly aligned. You were cold resistant. You were magic-protected. You saw invisible. You had infravision. You were stealthy. You were protected from shape changers. You are dead. Vanquished creatures: a large mimic 3 small mimics an elf mummy a leather golem a giant spider an ice vortex a gnome king an orc mummy a brown pudding a werewolf a chickatrice a raven an ape a rope golem 3 soldier ants 2 orc shamans a rock mole a violet fungus 4 gnome lords 4 gnomish wizards 2 kobold mummies a gray ooze a ghoul a straw golem a giant ant 3 kittens 12 dwarves an iguana 3 rothes 2 centipedes an orc zombie 6 hobbits a large kobold 3 geckos a hobgoblin a cave spider 34 gnomes a gnome zombie 5 jackals 4 foxes 4 newts a goblin 4 grid bugs 6 lichens a kobold zombie 131 creatures vanquished. Voluntary challenges: You were vegetarian. You used a wielded weapon 58 times, starting on turn 21. You did not apply a unicorn horn. You read items or engraved 15 times, starting on turn 539. You never genocided any monsters. You never polymorphed an object. You never changed form. You used no wishes. You never split a pudding. You never wrote Elbereth's name. You never violated your personal moral code. Dungeon overview: The Dungeons of Doom: levels 1 to 2 Level 1 a long staircase Level 2 some fountains stairs to The Gnomish Mines The Gnomish Mines: levels 3 to 9 Level 3 stairs to The Dungeons of Doom Level 4 Level 5 many shops, a temple to Anhur, a magic chest, some fountains Level 6 Level 7 Level 8 Level 9 <- You were here History has recorded: On T:1 you entered the Dungeons of Doom to retrieve the Amulet of Yendor! On T:315 you advanced to experience level 2. On T:425 you reached level 2 of The Dungeons of Doom. On T:774 you reached level 1 of The Gnomish Mines. On T:799 you advanced to experience level 3. On T:999 you reached level 2 of The Gnomish Mines. On T:1128 you advanced to experience level 4. On T:1588 you reached level 3 of The Gnomish Mines. On T:1709 you opened a magic chest. On T:1715 you opened a magic chest. On T:1716 you opened a magic chest. On T:1740 you advanced to experience level 5. On T:1758 you entered the Minetown temple On T:1824 you advanced to experience level 6. On T:2806 you opened a magic chest. On T:2809 you opened a magic chest. On T:3213 you reached level 4 of The Gnomish Mines. On T:3514 you advanced to experience level 7. On T:3949 you reached level 5 of The Gnomish Mines. On T:4354 you reached level 6 of The Gnomish Mines. On T:4846 you reached level 7 of The Gnomish Mines. On T:5131 you advanced to experience level 8. Score breakdown: Gold: 198 ( 19 points) Experience: 8 levels ( 700 points) Exploration: 9 levels ( 240 points) Discoveries: 14 items ( 700 points) Variety of kills: 45 monsters ( 2000 points) Major goal: reached Minetown ( 500 points) Survival: died (score multiplied by 3) Total score: 12477 Latest messages: You stop. Your housecat is in the way! You displace your housecat. A lit field surrounds you! You displace your housecat. The magic missile hits the chickatrice! The magic missile hits it. You hear a chugging sound. You kill the chickatrice! Welcome to experience level 8. The magic missile hits the ogre! The magic missile hits it. (2x) The ogre zaps a jeweled wand! The sleep ray hits you! The sleep ray bounces! Something chops you! Something hacks you! Something chops you! (2x) You die... Final status: Goodbye Frizzbo the Wizard, killed by an ogre, while sleeping... You died in The Gnomish Mines on dungeon level 9 with 12477 points, and 198 pieces of gold, after 5137 moves. You were level 8 with a maximum of 51 hit points when you died.